 Dungeon Crawl Stone Soup version 0.31-a0-1547-g618ab1f346 (webtiles) character file.

Game seed: 610495790206475087

1806 MacCMillion the Toxicologist (level 9, -1/57 HPs)
             Began as a Merfolk Alchemist on Jan 2, 2024.
             Splashed by a jelly's acid (8 damage)
             ... on level 7 of the Dungeon.
             The game lasted 00:16:58 (9444 turns).

MacCMillion the Toxicologist (Merfolk Alchemist)    Turns: 9444, Time: 00:16:59

Health: -1/57      AC:  4    Str:  8    XL:     9   Next: 9%
Magic:  12/18      EV: 12    Int: 19    God:
Gold:   163        SH:  7    Dex: 16    Spells: 10/20 levels left

rFire   . . .        x - +4 dagger (protect)
rCold   . . .        d - +2 buckler {AC+3}
rNeg    . . .        a - +0 robe
rPois   .            p - +0 helmet
rElec   .            o - +0 cloak
rCorr   .            u - +1 pair of gloves of Undesirable Species {Dex+2}
SInv    .            (no boots)
Will    .....        (no amulet)
Stlth   ++           (no ring)
HPRegen 0.29/turn    (no ring)
MPRegen 0.16/turn

%: no passive effects
@: corroded, under a protective aura
A: (nimble swimmer 2), mertail
a: no special abilities


You were on level 7 of the Dungeon.
You visited 1 branch of the dungeon, and saw 7 of its levels.

You collected 163 gold pieces.

Inventory:

Hand Weapons
 c - a +2 whip of venom
 e - a +2 dagger of speed
 x - a +4 dagger of protection (weapon)
Missiles
 s - a throwing net
Armour
 a - a +0 robe (worn)
 d - a +2 buckler of protection (worn)
 o - a +0 cloak (worn)
 p - a +0 helmet (worn)
 u - the +1 pair of gloves of Undesirable Species (worn) {Dex+2}
   (You found it on level 4 of the Dungeon)

   Dex+2:     It affects your dexterity (+2).
Jewellery
 j - a ring of ice
Wands
 r - a wand of acid (13)
 t - a wand of polymorph (7)
Scrolls
 h - 5 scrolls of teleportation {unknown}
 l - a scroll of acquirement {unknown}
 m - 5 scrolls of identify {unknown}
 n - 2 scrolls of immolation {unknown}
 q - a scroll of revelation {unknown}
 v - a scroll of amnesia {unknown}
 w - a scroll of brand weapon {unknown}
Potions
 b - 2 potions of magic
 f - 2 potions of degeneration {unknown}
 g - a potion of cancellation {unknown}
 i - 5 potions of curing {unknown}
 k - a potion of haste {unknown}


   Skills:
 - Level 2.6 Dodging
 - Level 2.1 Stealth
 + Level 3.7 Shields
 - Level 6.0 Spellcasting
 - Level 0.7 Conjurations
 - Level 3.0 Air Magic
 - Level 11.0 Alchemy


You had 10 spell levels left.
You knew the following spells:

 Your Spells              Type           Power      Damage    Failure   Level
a - Sting                 Conj/Alch      100%       1d9       1%          1
b - Mercury Vapours       Alch/Air       64%        N/A       1%          2
c - Olgreb's Toxic Radia  Alch           47%        N/A       1%          4
d - Mephitic Cloud        Conj/Alch/Air  24%        N/A       7%          3

Your spell library contained the following spells:

 Spells                   Type           Power      Damage    Failure   Level
 Shock                    Conj/Air       48%        1d6       8%          1
 Magic Dart               Conj           32%        1d4       13%         1
 Swiftness                Air            17%        N/A       14%         3
 Apportation              Tloc           10%        N/A       17%         1
 Necrotise                Necr           20%        1d5       17%         1
 Slow                     Hex            20%        N/A       17%         1
 Summon Small Mammal      Summ           20%        N/A       17%         1
 Sticky Flame             Fire/Alch      26%        2d6       17%         4
 Blink                    Tloc           10%        N/A       26%         2
 Call Imp                 Summ           10%        N/A       26%         2
 Airstrike                Air            8%         2d(2-18)  43%         4
 Borgnjor's Vile Clutch   Necr/Erth      2%         N/A       99%         5
 Discord                  Hex            2%         N/A       100%        8


Dungeon Overview and Level Annotations

Branches:
Dungeon (7/15)             Temple (0/1) D:6

Altars:
Cheibriados
Gozag
Xom

Annotations:
D:6 Grinder
D:7 exclusion: wight


Innate Abilities, Weirdness & Mutations

((You are very nimble when in or above water. (Stealth+, EV+, Speed+++)))
Your lower body shifts to a powerful aquatic tail in water.


Message History

You hit the jelly.
Your hands burn!
The jelly is heavily wounded.
The jelly closely misses you.
Unknown command.
You barely miss the jelly.
The jelly is severely wounded.
The jelly closely misses you.
You hit the jelly but do no damage. The acid corrodes you!
Your hands burn!
The jelly is severely wounded.
The jelly hits you but does no damage. x2
You hit the jelly.
Your hands burn!
The jelly is severely wounded.
You block the jelly's attack.
You hit the jelly but do no damage.
Your hands burn!
The jelly is severely wounded.
The jelly barely misses you.
You hit the jelly.
Your hands burn!
The jelly is severely wounded.
You block the jelly's attack.
You hit the jelly but do no damage.
Your hands burn!
The jelly is severely wounded.
The jelly barely misses you.
You hit the jelly.
Your hands burn!
The jelly is severely wounded.
The jelly hits you but does no damage.
You hit the jelly but do no damage.
Your hands burn!
The jelly is severely wounded.
You block the jelly's attack.
You hit the jelly but do no damage. The acid corrodes you!
Your hands burn!
* * * LOW HITPOINT WARNING * * *
The jelly is severely wounded.
The jelly closely misses you.
You are too injured to fight recklessly!
You hit the jelly.
Your hands burn!
* * * LOW HITPOINT WARNING * * *
The jelly is almost dead.
The jelly hits you.
* * * LOW HITPOINT WARNING * * *
You are splashed with acid!
You die...

... #.......##....#
.. #........#.....#
. #........#.....#
... .. #.....# ....
#. ##...##
....##.########...##
.............#.....#
.............#.....#
.......@..[..+....##
....##.J.....#.....#
# #.##.......##....#
.....[......##>..##
..[.........#.....#
............#.....#
.......)....'.....#
...#####'#####[..##
... .)J #...#


You could see a jelly (poisoned).

Vanquished Creatures
  Edmund (D:3)
  An ice beast (D:4)
  A black bear (D:5)
  An orc warrior (D:6)
  A centaur (D:6)
  2 ogres
  2 bullfrogs
  3 scorpions
  3 wights
  A howler monkey (D:6)
  3 hounds
  5 orc priests
  An iguana (D:5)
  Jessica (D:3)
  Ijyb (D:4)
  5 orc wizards
  Robin (D:1)
  4 gnolls (D:4)
  9 adders
  5 dart slugs
  12 orcs
  5 endoplasms
  3 giant cockroaches (D:1)
  13 goblins
  9 hobgoblins
  4 jackals (D:1)
  3 quokkas
  5 ball pythons
  5 bats
  3 frilled lizards (D:3)
  7 kobolds
  4 rats
124 creatures vanquished.

Vanquished Creatures (others)
  5 dream sheep (D:4)
5 creatures vanquished.

Grand Total: 129 creatures vanquished

Notes
Turn   | Place    | Note
-------+----------+-------------------------------------------
     0 | D:1      | MacCMillion the Merfolk Alchemist began the quest for the
                  | Orb.
     0 | D:1      | Reached XP level 1. HP: 13/13 MP: 3/3
     3 | D:1      | You fall into a shaft and drop 1 floor!
    76 | D:2      | Identified the +6 dagger "Koliveli" {venom, Str+2}
   281 | D:2      | Reached skill level 5 in Alchemy
   281 | D:2      | Reached XP level 2. HP: 19/19 MP: 0/5
   369 | D:2      | Learned a level 2 spell: Mercury Vapours
   687 | D:1      | Reached XP level 3. HP: 24/24 MP: 3/6
  1061 | D:1      | Reached skill level 1 in Air Magic
  1758 | D:2      | Noticed Robin
  1772 | D:1      | Killed Robin
  1773 | D:1      | Reached XP level 4. HP: 24/30 MP: 2/7
  2692 | D:3      | Found a faded altar of an unknown god.
  2860 | D:3      | Reached skill level 6 in Alchemy
  3240 | D:3      | Noticed Jessica
  3244 | D:3      | Killed Jessica
  3245 | D:3      | Reached XP level 5. HP: 29/35 MP: 4/8
  3763 | D:3      | Learned a level 4 spell: Olgreb's Toxic Radiance
  3764 | D:4      | Noticed Edmund
  3793 | D:3      | Killed Edmund
  3794 | D:3      | Reached skill level 7 in Alchemy
  3794 | D:3      | Reached XP level 6. HP: 18/41 MP: 3/9
  4419 | D:4      | Reached skill level 8 in Alchemy
  4419 | D:4      | Noticed an ice beast
  4458 | D:4      | Killed an ice beast
  4459 | D:4      | Reached XP level 7. HP: 23/46 MP: 5/10
  4645 | D:4      | Reached skill level 9 in Alchemy
  4828 | D:4      | Noticed a dream sheep
  4828 | D:4      | Noticed a dream sheep
  4828 | D:4      | Noticed a dream sheep
  4828 | D:4      | Noticed a dream sheep
  4828 | D:4      | Noticed a dream sheep
  4828 | D:4      | Found a shimmering altar of Xom.
  4830 | D:4      | Killed a dream sheep
  4830 | D:4      | Killed a dream sheep
  4830 | D:4      | Killed a dream sheep
  4830 | D:4      | Killed a dream sheep
  4830 | D:4      | Killed a dream sheep
  5203 | D:4      | Identified the +1 pair of gloves of Undesirable Species
                  | {Dex+2}
  5267 | D:4      | Noticed Ijyb
  5279 | D:4      | Killed Ijyb
  5554 | D:5      | Entered Level 5 of the Dungeon
  5907 | D:5      | Reached skill level 10 in Alchemy
  6247 | D:5      | Found a snail-covered altar of Cheibriados.
  6474 | D:5      | Reached XP level 8. HP: 11/52 MP: 11/13
  7256 | D:6      | Found a staircase to the Ecumenical Temple.
  7411 | D:6      | Reached skill level 11 in Alchemy
  7546 | D:6      | Got the Cyclopedia of Despair and Imprecation
  7606 | D:6      | Reached skill level 5 in Spellcasting
  8072 | D:6      | Noticed Grinder
  8246 | D:6      | Found an opulent altar of Gozag.
  8833 | D:7      | Reached skill level 1 in Shields
  8891 | D:6      | HP: 2/48 [wight/+3 mace of freezing (3)]
  9279 | D:7      | Reached XP level 9. HP: 47/57 MP: 18/18
  9389 | D:7      | Learned a level 3 spell: Mephitic Cloud
  9444 | D:7      | Splashed by a jelly's acid

Illustrated notes

Levels and vault maps discovered:
D:1:      dpeg_arrival_stone_temple_mockup, layout_basic, serial_aquarium,
          aquarium_bridge_island_small [aquarium_subvault_small_open,
          aquarium_subvault_window, aquarium_subvault_wall,
          aquarium_subvault_wall, aquarium_subvault_bridge],
          aquarium_bridge_square [aquarium_subvault_bridge,
          aquarium_subvault_wall, aquarium_subvault_window,
          aquarium_subvault_window], aquarium_window_1, aquarium_window_fake,
          aquarium_window_fake, aquarium_view_2b, aquarium_balcony_5b,
          aquarium_pool_split, minmay_misc_feat_x
D:2:      layout_loops_cross, uniq_robin
D:3:      layout_basic, ebering_ecumenical_altar_mist, grunt_decor_junction,
          uniq_jessica
D:4:      layout_gridville, kb_xom_exploding_sheep, uniq_edmund, uniq_ijyb
D:5:      layout_gridville, chei_slow_surprise, hangedman_decor_opposing,
          minmay_misc_feat_tiny
D:6:      layout_cave_pods, marbit_many_paths, lemuel_tele_altar,
          minmay_temple_entry_from_below_a, uniq_grinder
D:7:      layout_gridville, tso_oasis_becter

Skill      XL: |  1  2  3  4  5  6  7  8  9 |
---------------+----------------------------+-----
Alchemy        | 5 6 7 8 10 11 | 11.0
Air Magic      | 1 2 3 |  3.0
Spellcasting   | 3 6 |  6.0
Shields        | 2 3 |  3.7
Dodging        | |  2.6
Stealth        | |  2.1
Conjurations   | |  0.7

Action                     |  1- 3 |  4- 6 |  7- 9 || total
---------------------------+-------+-------+-------++-------
  Melee: Whip              |    21 |    50 |    47 ||   118
         Punch             |       |       |     3 ||     3
         Dagger            |       |       |    82 ||    82
   Cast: Sting             |    51 |    53 |    27 ||   131
         Mercury Vapours   |       |    10 |     6 ||    16
         Olgreb's Toxic Ra |       |     2 |    16 ||    18
 Armour: Robe              |    20 |    55 |   109 ||   184
  Dodge: Dodged            |    27 |    36 |    89 ||   152
  Block: Buckler           |       |       |    17 ||    17

Table legend: (Time is in decaauts)
 A = Elapsed time spent in this place.
 B = Non-inter-level travel time spent in this place.
 C = Inter-level travel time spent in this place.
 D = Time resting spent in this place.
 E = Time spent auto-exploring this place.
 F = Levels seen in this place.
 G = Mean time per level.
                   A        B        C        D        E       F      G
               +--------+--------+--------+--------+--------+-----+--------+
         Total |   9455 |   9005 |    450 |   3540 |   4245 |   7 | 1350.7 |
       Dungeon |   9455 |   9005 |    450 |   3540 |   4245 |   7 | 1350.7 |
               +--------+--------+--------+--------+--------+-----+--------+

Top non-repeatable levels by time:
     D:6: 1869 daAuts
     D:3: 1710 daAuts
     D:5: 1511 daAuts
     D:1: 1503 daAuts
     D:4: 1365 daAuts
     D:2: 1071 daAuts
     D:7: 423 daAuts
